 Dungeon Sprint DCSS version bcrawl-1.19.2-6-g6a88ae04c9 (webtiles) character file.

Game seed: 646693392562631181

146 Freyura the Cudgeler (level 5, -18/35 HPs)
             Began as a Gargoyle Fighter on Jan 5, 2020.
             Was a Believer of the Shining One.
             Demolished by a white ugly thing (19 damage)
             ... in the Dungeon (Sprint IX: "|||||||||||||||||||||||||||||").
             The game lasted 00:01:57 (214 turns).

Freyura the Cudgeler (Gargoyle Fighter)              Turns: 214, Time: 00:01:57

Health: -18/35     AC: 13    Str: 24    XL:     5   Next: 28%
Magic:  4/7        EV:  9    Int:  9    God:    the Shining One [**....]
Gold:   0          SH: 10    Dex: 10    Spells: 4/4 levels left

rFire    . . .     SeeInvis .   o - +2 morningstar (crush)
rCold    . . .     Gourm    .   c - +0 shield
rNeg     + + .     Faith    .   b - +0 scale mail
rPois    ∞         Spirit   .   (no helmet)
rElec    +         Reflect  .   q - +0 cloak
rCorr    .         Harm     .   (no gloves)
MR       .....     NoTele   +   p - +0 pair of boots
Stlth    ..........             (no amulet)
HPRegen  0.11/turn              (no ring)
MPRegen  0.10/turn              (no ring)

@: mighty, glowing
A: negative energy resistance 1, electricity resistance, unbreathing,
petrification resistance, rot immunity, AC +4
a: Divine Shield, Renounce Religion


You were in the Dungeon.
You worshipped the Shining One.
The Shining One was pleased with you.
You were not hungry.

You visited 1 branch

Inventory:

Hand Weapons
 o - a +2 morningstar of crushing (weapon)
Armour
 b - a +0 scale mail (worn)
 c - a +0 shield (worn)
 p - a +0 pair of boots (worn)
 q - a +0 cloak (worn)
Jewellery
 r - a +2 ring of evasion
 s - a +2 ring of evasion
Wands
 n - a wand of acid (10)
Scrolls
 k - 2 scrolls of blinking
 l - 3 scrolls of remove curse
 m - 2 scrolls of amnesia
Potions
 e - 5 potions of curing
 g - a potion of heal wounds
 h - a potion of haste
 i - 4 potions of magic
 j - a potion of invisibility
Comestibles
 f - a ration {!d}


   Skills:
 + Level 5.4 Fighting
 * Level 5.9 Maces & Flails
 + Level 5.3 Armour
 + Level 3.0 Dodging
 + Level 5.4 Shields
 + Level 2.8 Invocations


You had 4 spell levels left.
You didn't know any spells.
Your spell library was empty.

Dungeon Overview and Level Annotations

Branches:
Dungeon (1/1)

Altars:
Cheibriados
Dithmenos
Elyvilon
Fedhas
Gozag
Hepliaklqana
Kikubaaqudgha
Lugonu
Makhleb
Nemelex Xobeh
Okawaru
Qazlal
Ru
Sif Muna
Trog
Uskayaw
Vehumet
Wu Jian
Xom
Yredelemnul
Zin
The Shining One
Beogh
Jiyva


Innate Abilities, Weirdness & Mutations

You are resistant to torment.
Your stone body is resilient. (AC +4)
You are immune to poison.
You resist negative energy. (rN+)
You are resistant to electric shocks. (rElec)
You can survive without breathing.
You are immune to petrification.
You are immune to rotting.


Message History

You block the white ugly thing's attack.
You hit the white ugly thing.
The white ugly thing is heavily wounded.
You block the phantom's attack.
The white ugly thing claws you but does no damage.
The phantom hits you.
The phantom blinks!
You hit the white ugly thing.
The white ugly thing is heavily wounded.
You block the white ugly thing's attack.
The phantom hits you but does no damage.
You puncture the white ugly thing!
The white ugly thing is severely wounded.
The white ugly thing claws you! The white ugly thing freezes you!!
Ouch! That really hurt!
* * * LOW HITPOINT WARNING * * *
The phantom blinks!
The white ugly thing claws you.
* * * LOW HITPOINT WARNING * * *
The white ugly thing freezes you!!
Ouch! That really hurt!
You die... ▓▓▓▓▓▓▓▓▓▓▓▓▓▓▓▓▓▓▓▓▓▓▓▓ _______'..|)W.[§@uhOH... ▓▓▓▓▓▓▓▓▓▓▓▓▓▓▓▓▓▓▓▓▓▓▓▓

You could see a white ugly thing, a two-headed ogre, a manticore, a phantom and a black bear.

Vanquished Creatures
  An acid dragon (D)
  A hound (D)
  An adder (D)
  A leopard gecko (D)
  A hobgoblin (D)
  A kobold (D)
  A ball python zombie (D)
  A goblin (D)
  A jackal zombie (D)
  A leopard gecko zombie (D)
  A rat (D)
11 creatures vanquished.

Notes
Turn   | Place    | Note
-------+----------+-------------------------------------------
     0 | D        | Freyura the Gargoyle Fighter began the quest for the Orb.
     0 | D        | Reached XP level 1. HP: 14/14 MP: 1/1
    48 | D        | Noticed a hound
    54 | D        | Reached skill level 1 in Dodging
    54 | D        | Reached XP level 2. HP: 16/20 MP: 2/2
    56 | D        | Reached XP level 3. HP: 19/24 MP: 3/3
    73 | D        | Found a roughly hewn altar of Beogh.
    73 | D        | Found a snail-covered altar of Cheibriados.
    73 | D        | Found a shadowy altar of Dithmenos.
    73 | D        | Found a white marble altar of Elyvilon.
    73 | D        | Found a blossoming altar of Fedhas.
    73 | D        | Found an opulent altar of Gozag.
    74 | D        | Found a hazy altar of Hepliaklqana.
    75 | D        | Found a viscous altar of Jiyva.
    76 | D        | Found an ancient bone altar of Kikubaaqudgha.
    77 | D        | Found a corrupted altar of Lugonu.
    78 | D        | Found a burning altar of Makhleb.
    79 | D        | Found a sparkling altar of Nemelex Xobeh.
    80 | D        | Found an iron altar of Okawaru.
    81 | D        | Found a stormy altar of Qazlal.
    82 | D        | Found a sacrificial altar of Ru.
    83 | D        | Found a shimmering blue altar of Sif Muna.
    84 | D        | Found a bloodstained altar of Trog.
    85 | D        | Found a hide-covered altar of Uskayaw.
    86 | D        | Found a radiant altar of Vehumet.
    87 | D        | Found an ornate altar of the Wu Jian Council.
    88 | D        | Found a shimmering altar of Xom.
    89 | D        | Found a basalt altar of Yredelemnul.
    90 | D        | Found a glowing silver altar of Zin.
    91 | D        | Found a glowing golden altar of the Shining One.
   178 | D        | Became a worshipper of the Shining One
   201 | D        | Noticed an acid dragon
   201 | D        | Noticed a phantom
   201 | D        | Noticed a white ugly thing
   201 | D        | Reached * piety under the Shining One
   201 | D        | Noticed a black bear
   201 | D        | Noticed a two-headed ogre
   201 | D        | Noticed a manticore
   201 | D        | Reached ** piety under the Shining One
   203 | D        | Killed an acid dragon
   203 | D        | Reached skill level 5 in Fighting
   203 | D        | Reached skill level 5 in Maces & Flails
   203 | D        | Reached skill level 5 in Armour
   203 | D        | Reached skill level 5 in Shields
   203 | D        | Reached XP level 4. HP: 31/31 MP: 3/6
   203 | D        | Reached XP level 5. HP: 35/35 MP: 3/7
   214 | D        | HP: 1/35 [white ugly thing (2)]
   214 | D        | Demolished by a white ugly thing

Skill      XL: |  1  2  3 |
---------------+----------+-----
Maces & Flails | 3 4 5 |  5.9
Dodging        | 1 2 3 |  3.0
Fighting       | 4 5 |  5.4
Armour         | 4 5 |  5.3
Shields        | 4 5 |  5.4
Invocations    | 2 |  2.8

Action                   |  1- 3 |  4- 6 || total
-------------------------+-------+-------++-------
Melee: Flail             |    37 |       ||    37
       Morningstar       |     2 |     8 ||    10
  Use: Potion            |     1 |     3 ||     4
Armor: Scale mail        |    18 |     4 ||    22
Dodge: Dodged            |    11 |     3 ||    14
Block: Shield            |    12 |     4 ||    16
